 Dungeon Crawl Stone Soup version 0.20.1-1-g8b1a95d (webtiles) character file.

815 Irenicus the Carver (level 7, 0/64 HPs)
             Began as a Minotaur Chaos Knight on Oct 12, 2017.
             Slain by an orc warrior
             ... wielding a +0 long sword
              (12 damage)
             ... on level 6 of the Dungeon.
             The game lasted 00:06:12 (3557 turns).

Irenicus the Carver (Minotaur Chaos Knight)         Turns: 3557, Time: 00:06:13

Health: 0/64       AC:  6    Str: 17    XL:     7   Next: 62%
Magic:  6/6        EV: 12    Int:  9    God:    Xom [......]
Gold:   154        SH:  0    Dex: 11    Spells: 6/6 levels left

rFire    + + +     SeeInvis .   a - +0 falchion (chaos)
rCold    . . .     Gourm    .   (no shield)
rNeg     . . .     Faith    .   d - +2 robe {rF+}
rPois    +         Spirit   .   (helmet restricted)
rElec    .         Reflect  .   (no cloak)
rCorr    .         Harm     .   (no gloves)
MR       .....                  l - +0 pair of boots
Stlth    +.........             (no amulet)
Regen    0.2/turn               e - ring of wizardry
MPRegen  0.1/turn               k - ring of protection from fire

@: no status effects
A: retaliatory headbutt, horns 2, rugged brown scales 1, fire resistance 1,
poison resistance, robust 1
a: Renounce Religion


You were on level 6 of the Dungeon.
You worshipped Xom.
You were a very special plaything of Xom.
You were not hungry.

You visited 1 branch of the dungeon, and saw 6 of its levels.

You collected 209 gold pieces.
You spent 55 gold pieces at shops.

Inventory:

Hand Weapons
 a - a +0 falchion of chaos (weapon)
Armour
 b - a +2 leather armour
 d - a +2 robe of fire resistance (worn)
 l - a +0 pair of boots (worn)
Jewellery
 e - a ring of wizardry (left hand)
 k - a ring of protection from fire (right hand)
Wands
 o - a wand of digging (14/24)
 u - a wand of digging (8/24)
 y - a wand of flame (19/48)
Scrolls
 f - 2 scrolls of remove curse {unknown}
 g - a scroll of immolation {unknown}
 h - 2 scrolls of identify {unknown}
 j - a scroll of magic mapping {unknown}
 n - 2 scrolls of amnesia {unknown}
 v - a scroll of recharging {unknown}
 z - a scroll of teleportation {unknown}
Potions
 i - a potion of haste {unknown}
 p - a potion of curing
 q - 3 potions of flight {unknown}
 r - 2 potions of cancellation {unknown}
 s - a potion of lignification {unknown}
 t - a potion of brilliance {unknown}
Books
 x - a book of Conjurations

   Spells                             Type                      Level
   a - Magic Dart                     Conjuration                  1
   b - Searing Ray                    Conjuration                  2
   c - Dazzling Spray                 Conjuration/Hexes            3
   d - Fulminant Prism                Conjuration/Hexes            4
   e - Force Lance                    Conjuration/Translocation    4
   f - Iskenderun's Mystic Blast      Conjuration                  4
Comestibles
 c - 2 bread rations
 m - a royal jelly
 w - a meat ration


   Skills:
 - Level 3.6 Fighting
 + Level 10.8 Long Blades
 - Level 2.4 Armour
 - Level 1.1 Dodging


You had 6 spell levels left.
You didn't know any spells.

Dungeon Overview and Level Annotations

Branches:
Dungeon (6/15)
 Temple: D:4-7

Altars:
Vehumet

Shops:
D:4 !   D:5 !(


Innate Abilities, Weirdness & Mutations

You reflexively headbutt those who attack you in melee.
You have a pair of horns on your head.
You are partially covered in rugged brown scales. (AC +1, +3% HP)
Your flesh is heat resistant. (rF+)
Your system is resistant to poisons. (rPois)
You are robust. (+10% HP)


Message History

The orc warrior is severely wounded.
The orc warrior hits you but does no damage.
You hit the orc warrior but do no damage.
The orc warrior is severely wounded.
The orc wizard is no longer petrified.
The orc warrior closely misses you.
You closely miss the orc warrior.
The orc warrior is severely wounded.
You closely miss the orc warrior.
The orc warrior is severely wounded.
The orc warrior hits you but does no damage.
You closely miss the orc warrior.
The orc warrior is severely wounded.
The orc warrior hits you with a long sword.
You hit the orc warrior but do no damage.
The orc warrior is severely wounded.
The iguana bites you!
* * * LOW HITPOINT WARNING * * *
The orc warrior hits you with a long sword!
You die...
Xom bursts into laughter!

#. #. #.##.#.
...... ####......
....#. #..######..
......##...#.... ..
.............# #..
.........l.@.# #..
#.##.##..oo..#
#...#.##...†.....#
.#...#.#####......#
.......#####†#.##.#
##...<...#.....#
#...)....####..#
#.#####..# ..# ...
#..... #


You could see an orc warrior, an iguana and an orc wizard.

Vanquished Creatures
  Sigmund (D:2)
  A phantom (D:4)
  2 scorpions
  The ghost of Irenicus the Ruffian, a weakling VSCK of Xom (D:3)
  2 orc priests (D:4)
  Jessica (D:2)
  2 worker ants (D:4)
  A hound zombie (D:5)
  3 gnolls (D:5)
  A howler monkey skeleton (D:4)
  7 adders
  3 worms
  5 dart slugs
  A leopard gecko (D:2)
  11 orcs
  2 giant cockroaches (D:1)
  7 goblins
  5 hobgoblins
  4 jackals
  6 kobolds
  2 quokkas (D:4)
  A ball python (D:2)
  5 bats
  3 frilled lizards
  A leopard gecko zombie (D:5)
  15 rats
93 creatures vanquished.

Vanquished Creatures (collateral kills)
  A centaur (D:5)
  A worker ant (D:5)
  A gnoll (D:5)
3 creatures vanquished.

Grand Total: 96 creatures vanquished

Notes
Turn   | Place    | Note
-------+----------+-------------------------------------------
     0 | D:1      | Irenicus the Minotaur Chaos Knight began the quest for the Orb.
     0 | D:1      | Reached XP level 1. HP: 19/19 MP: 0/0
    53 | D:1      | Reached skill level 4 in Long Blades
   108 | D:1      | Reached XP level 2. HP: 23/26 MP: 1/1
   124 | D:1      | XOM: harmless Fire miscast
   237 | D:1      | Reached skill level 5 in Long Blades
   448 | D:1      | XOM: give mutations
   448 | D:1      | Gained mutation: You are partially covered in rugged brown scales. (AC +1, +3% HP) [Xom's grace]
   448 | D:1      | Gained mutation: Your system is resistant to poisons. (rPois) [Xom's grace]
   448 | D:1      | Gained mutation: Your flesh is heat resistant. (rF+) [Xom's grace]
   448 | D:1      | Gained mutation: You are robust. (+10% HP) [Xom's grace]
   666 | D:2      | Reached XP level 3. HP: 27/35 MP: 2/2
   712 | D:2      | Noticed Sigmund
   724 | D:2      | XOM: butterfly on damage
   735 | D:2      | Killed Sigmund
   735 | D:2      | Reached skill level 7 in Long Blades
   735 | D:2      | Reached XP level 4. HP: 26/44 MP: 3/3
   735 | D:2      | Reached XP level 5. HP: 30/50 MP: 4/4
   893 | D:2      | Noticed Jessica
   905 | D:2      | XOM: 1-stop teleportation journey
   916 | D:2      | Killed Jessica
   929 | D:2      | Reached skill level 8 in Long Blades
  1518 | D:3      | Found a faded altar of an unknown god.
  1531 | D:3      | Reached XP level 6. HP: 57/57 MP: 5/5
  1584 | D:3      | Noticed Irenicus's ghost (weakling VSCK)
  1589 | D:3      | Killed Irenicus's ghost
  1891 | D:3      | XOM: cleaving
  1997 | D:4      | Reached skill level 9 in Long Blades
  2405 | D:4      | Reached XP level 7. HP: 48/64 MP: 6/6
  2601 | D:4      | XOM: divination: magic mapping
  2603 | D:4      | Reached skill level 10 in Long Blades
  2620 | D:4      | Found Edemuo Pybb's Distillery.
  2628 | D:4      | Bought a potion of heal wounds for 55 gold pieces
  2710 | D:5      | Entered Level 5 of the Dungeon
  2790 | D:5      | XOM: enchant monster (good)
  2873 | D:5      | Found a radiant altar of Vehumet.
  2888 | D:5      | Found Kujag's Weapon Shoppe.
  2982 | D:5      | Found Ipnop's Distillery.
  3528 | D:6      | XOM: enchant monster (bad)
  3537 | D:6      | XOM: swap monsters
  3557 | D:6      | Slain by an orc warrior

Skill      XL: |  1  2  3  4  5  6  7 |
---------------+----------------------+-----
Long Blades    | 4 5 7 8 9 10 | 10.8
Fighting       | |  3.6
Armour         | |  2.4
Dodging        | |  1.1

Action                   |  1- 3 |  4- 6 |  7- 9 || total
-------------------------+-------+-------+-------++-------
Melee: Falchion          |    50 |   123 |    70 ||   243
       Headbutt          |    12 |    22 |    13 ||    47
  Use: Potion            |     1 |     2 |     1 ||     4
 Stab: Sleeping          |       |     1 |       ||     1
  Eat: Chunk             |       |     4 |     2 ||     6
       Bread ration      |       |       |     1 ||     1
Armor: Leather armour    |    23 |       |       ||    23
       Robe              |       |    43 |    16 ||    59
Dodge: Dodged            |    34 |    72 |    30 ||   136
       Rpst.: Falchion   |     8 |    23 |     5 ||    36
